 Dungeon Crawl Stone Soup version 0.27-a0-1200-g94dc6ad4cf (webtiles) character file.

Game seed: 404021681889564934

26 Lanoc the Grasshopper (level 2, -4/17 HPs)
             Began as a Deep Elf Warper on June 2, 2021.
             Was a Follower of the Shining One.
             Killed from afar by Natasha (10 damage)
             ... with a magic dart
             ... on level 2 of the Dungeon.
             The game lasted 00:01:48 (1419 turns).

Lanoc the Grasshopper (Deep Elf Warper)             Turns: 1419, Time: 00:01:48

Health: -4/17      AC:  3    Str:  8    XL:     2   Next: 89%
Magic:  8/8        EV: 12    Int: 17    God:    the Shining One [*.....]
Gold:   92         SH:  0    Dex: 14    Spells: 5/7 levels left

rFire    . . .     SeeInvis .   a - +0 short sword
rCold    . . .     Faith    .   (no shield)
rNeg     . . .     Spirit   .   b - +0 leather armour
rPois    .         Reflect  .   (no helmet)
rElec    .         Harm     .   (no cloak)
rCorr    .         Rampage  .   (no gloves)
Will     .....                  (no boots)
Stlth    +.........             (no amulet)
HPRegen  0.05/turn              (no ring)
MPRegen  0.11/turn              (no ring)

@: glowing
A: no striking features
a: Renounce Religion


You were on level 2 of the Dungeon.
You worshipped the Shining One.
The Shining One was aware of your devotion.
You visited 1 branch of the dungeon, and saw 2 of its levels.

You collected 92 gold pieces.

Inventory:

Hand Weapons
 a - a +0 short sword (weapon)
Missiles
 e - 3 boomerangs of dispersal (quivered)
Armour
 b - a +0 leather armour (worn)
Scrolls
 c - a scroll of vulnerability {unknown}
 d - a scroll of blinking


   Skills:
 + Level 1.9 Fighting
 - Level 2.0 Short Blades
 - Level 1.0 Throwing
 - Level 0.7 Armour
 + Level 3.0 Dodging
 - Level 3.0 Spellcasting
 * Level 4.0 Translocations


You had 5 spell levels left.
You knew the following spells:

 Your Spells              Type           Power      Damage    Failure   Level
h - Blink                 Tloc           N/A        N/A       7%          2

Your spell library contained the following spells:

 Spells                   Type           Power      Damage    Failure   Level
 Gell's Gravitas          Tloc           8%         N/A       14%         3
 Lesser Beckoning         Tloc           8%         N/A       14%         3
 Teleport Other           Tloc           16%        N/A       14%         3
 Manifold Assault         Tloc           16%        N/A       78%         5


Dungeon Overview and Level Annotations

Branches:
Dungeon (2/15)

Altars:
The Shining One

Annotations:
D:2 Natasha


Message History

You barely miss Natasha. Natasha barely misses you.
You barely miss Natasha. Natasha claws you.
You hit Natasha but do no damage. Natasha closely misses you.
You completely miss Natasha.
Natasha stares at you and mumbles some strange words.
You resist with significant effort.
You closely miss Natasha. Natasha barely misses you.
You hit Natasha.
Natasha is moderately wounded.
Natasha claws you.
You hit Natasha but do no damage.
Natasha is moderately wounded.
Natasha closely misses you.
You barely miss Natasha.
Natasha is moderately wounded.
Natasha claws you.
You are too injured to fight recklessly!
You are too injured to fight recklessly!
You hit Natasha but do no damage.
Natasha is moderately wounded.
Natasha closely misses you.
Throw: 5 boomerangs (disperse)
Press: ? - help, Q - select action, (/) - cycle Shift-Dir - straight line, f - Natasha
Aim: Natasha, carrying a wand of digging (4) (moderately wounded, haloed, 69% to hit)
You throw a boomerang of dispersal.
The boomerang of dispersal hits Natasha.
Natasha blinks!
Natasha is moderately wounded.
Natasha growls.
Throw: 4 boomerangs (disperse)
Press: ? - help, Q - select action, (/) - cycle Shift-Dir - straight line, f/p - Natasha
Aim: Natasha, carrying a wand of digging (4) (moderately wounded, haloed, 69% to hit)
You throw a boomerang of dispersal.
The boomerang of dispersal hits Natasha.
Natasha blinks!
Natasha is severely wounded.
Natasha casts a spell at you. The magic dart hits you!
Ouch! That really hurt!
You die...

#########
#.......#
#####.#.....
#...#.#..#
#.>...@ยง.#
#####...#....#..
#.<........h..<.#
#........?#.......
#...##....########
#......#..#
#......#..#
#......#..#
##........#


You could see Natasha.

Vanquished Creatures
  5 bats (D:1)
  3 endoplasms (D:1)
  5 hobgoblins (D:1)
  3 jackals (D:1)
  2 kobolds (D:1)
  A frilled lizard (D:1)
  3 rats (D:1)
22 creatures vanquished.

Notes
Turn   | Place    | Note
-------+----------+-------------------------------------------
     0 | D:1      | Lanoc the Deep Elf Warper began the quest for the Orb.
     0 | D:1      | Reached XP level 1. HP: 12/12 MP: 6/6
   388 | D:1      | Reached XP level 2. HP: 17/17 MP: 8/8
   391 | D:1      | Learned a level 2 spell: Blink
   398 | D:1      | Found a faded altar of an unknown god.
   406 | D:1      | Became a worshipper of the Shining One
   406 | D:1      | Reached * piety under the Shining One
  1280 | D:1      | Reached skill level 4 in Translocations
  1402 | D:2      | Noticed Natasha
  1419 | D:2      | Killed from afar by Natasha

Illustrated notes

Levels and vault maps discovered:
D:1:      minmay_arrival_semitransparent, layout_loops_ring,
          ebering_ecumenical_altar_sacrificial, serial_park_tiny_1,
          kennysheep_nondescript
D:2:      kennysheep_the_goblin_king, layout_loops_cross, uniq_natasha

Skill      XL: |  1  2 |
---------------+-------+-----
Translocations | 4 |  4.0
Dodging        | 3 |  3.0
Fighting       | |  1.9
Short Blades   | |  2.0
Throwing       | |  1.0
Armour         | |  0.7
Spellcasting   | |  3.0

Action                   || total
-------------------------++-------
Melee: Short sword       ||   120
Throw: Boomerang         ||     2
Armor: Leather armour    ||    32
Dodge: Dodged            ||   104

Table legend: (Time is in decaauts)
 A = Elapsed time spent in this place.
 B = Non-inter-level travel time spent in this place.
 C = Inter-level travel time spent in this place.
 D = Time resting spent in this place.
 E = Time spent auto-exploring this place.
 F = Levels seen in this place.
 G = Mean time per level.
                   A        B        C        D        E       F      G
               +--------+--------+--------+--------+--------+-----+--------+
         Total |   1418 |   1379 |     39 |      0 |   1171 |   2 |  709.0 |
       Dungeon |   1418 |   1379 |     39 |      0 |   1171 |   2 |  709.0 |
               +--------+--------+--------+--------+--------+-----+--------+

Top non-repeatable levels by time:
     D:1: 1397 daAuts
     D:2: 21 daAuts
